 Dungeon Crawl Stone Soup version 0.16.1-30-g34a7ffa (webtiles) character file.

1180 tyrion the Transmogrifier (level 8, -3/64 HPs)
             Began as a Naga Transmuter on June 23, 2015.
             Slain by an orc (5 damage)
             ... on level 6 of the Dungeon.
             The game lasted 00:15:24 (7643 turns).

tyrion the Transmogrifier (Naga Transmuter)         Turns: 7643, Time: 00:15:24

Health: -3/64      AC:  3    Str: 12    XL:     8   Next: 42%
Magic:  18/20      EV: 15    Int: 15    God:
Gold:   301        SH:  0    Dex: 18    Spells: 4 memorised, 6 levels left

rFire  . . .     SeeInvis +       - Unarmed
rCold  . . .     Clarity  .     c - +0 robe
rNeg   . . .     SustAb   .     (shield currently unavailable)
rPois  +         Gourm    .     (no helmet)
rElec  .         Spirit   .     (no cloak)
rCorr  .         Warding  .     r - melded +0 pair of gloves
rMut   .         Stasis   .     (no barding)
MR     +....                    (no amulet)
Stlth  +++.......               (no ring)
                                (no ring)

@: agile, blade hands, very slightly contaminated, hasted, quick, somewhat
resistant to hostile enchantments, fairly stealthy
A: spit poison, see invisible, deformed body, poison resistance, slowness 2, AC
+2
a: Spit Poison, End Transformation


You were on level 6 of the Dungeon.
You were near starving.
You had blades for hands.
You visited 1 branch of the dungeon, and saw 6 of its levels.

You collected 301 gold pieces.

Inventory:

Missiles
 b - 34 arrows
 e - 7 needles of paralysis
 i - 6 poisoned arrows
Armour
 c - a +0 robe (worn)
 r - a +0 pair of gloves (melded)
Jewellery
 k - an uncursed ring of ice {unknown}
 o - an uncursed ring of see invisible {unknown}
 p - a cursed ring of loudness {unknown}
Magical devices
 j - a wand of heal wounds (1)
Scrolls
 l - a scroll of recharging {unknown}
 m - 4 scrolls of identify {unknown}
 q - 2 scrolls of immolation {unknown}
 s - a scroll of remove curse {unknown}
 y - a scroll of acquirement {unknown}
Potions
 f - a potion of agility
 n - a potion of magic {unknown}
Books
 d - a book of Changes

   Spells                             Type                      Level
   a - Beastly Appendage              Transmutation                1
   b - Sticks to Snakes               Transmutation                2
   c - Spider Form                    Transmutation/Poison         3
   d - Ice Form                       Ice/Transmutation            4
   e - Blade Hands                    Transmutation                5
Comestibles
 a - 4 bread rations
 t - 2 fruits
 u - a beef jerky
 w - a royal jelly
 x - a meat ration


   Skills:
 - Level 1.0 Fighting
 - Level 1.5 Dodging
 - Level 3.0 Unarmed Combat
 + Level 5.4 Spellcasting
 * Level 8.3 Transmutations


You had 6 spell levels left.
You knew the following spells:

 Your Spells              Type           Power        Failure   Level  Hunger
a - Beastly Appendage     Trmt           ####..       12%         1    None
b - Sticks to Snakes      Trmt           ####......   14%         2    #......
c - Spider Form           Trmt/Pois      ###.......   45%         3    ###....
d - Blade Hands           Trmt           ####......   58%         5    ######.


Dungeon Overview and Level Annotations

Branches:
Dungeon (6/15)
 Temple: D:4-7

Altars:
Ashenzari
Vehumet

Annotations:
D:4 exclusion: statue, Azthor's ghost, average DgWz


Innate Abilities, Weirdness & Mutations

You cannot wear boots.
You can spit poison.
Your serpentine skin is tough (AC +2).
You have supernaturally acute eyesight.
Armour fits poorly on your strangely shaped body.
Your system is resistant to poisons.
You cover ground very slowly.


Message History

Unknown command.
You hit the orc.
The orc is moderately wounded.
The orc closely misses you. The orc barely misses you.
Unknown command.
Drink which item? (? for menu, Esc to quit)
It was a potion of haste.
You feel yourself speed up. The orc closely misses you. x2
You are very lightly contaminated with residual magic.
Unknown command.
Unknown command.
Unknown command.
You barely miss the orc.
The orc is moderately wounded.
The orc barely misses you.
Unknown command.
You slash the orc!
You kill the orc!
The orc hits you.
You die...

...............# ## #.###.#
...............# ##.# ##.#.##
....B........#.####..# #.#.#.#
..#..####..#.#..o....# ##.#.##
###........#..>.o....# #.###.#
###.....#..#.####....# ##.#.##
...........#.####....# #.#.#.#
.##...##.......###...# ##.#.##
.##...#...##(...@o...# #.###.#
##....#.###...####...# ##.#.##
##......#...#.## #...###.#)#)#
...#)#.##.###..# #...........#
.####..##.####)####..#########
.####.###..(.......### ###...#
##.........# ###.###
#.........# ....## #.........#


You could see an orc.

Vanquished Creatures
  A black bear (D:3)
  An orc warrior (D:6)
  A sky beast (D:6)
  An ogre (D:4)
  A giant frog (D:6)
  A scorpion (D:4)
  2 crimson imps (D:6)
  2 goliath beetles (D:6)
  An orc priest (D:6)
  2 orc wizards
  Natasha (twice) (D:5)
  3 worker ants
  Ijyb (D:3)
  A hound zombie (D:6)
  7 adders
  8 gnolls
  A shadow imp (D:6)
  5 worms
  9 giant geckos
  An ooze (D:1)
  16 orcs
  21 hobgoblins
  9 kobolds
  3 quokkas
  A ball python (D:2)
  18 bats
  8 giant cockroaches
  A giant gecko zombie (D:5)
  7 giant newts
  14 goblins
  9 rats
158 creatures vanquished.

Vanquished Creatures (collateral kills)
  A worker ant (D:4)
1 creature vanquished.

Grand Total: 159 creatures vanquished

Notes
Turn   | Place    | Note
--------------------------------------------------------------
     0 | D:1      | tyrion, the Naga Transmuter, began the quest for the Orb.
     0 | D:1      | Reached XP level 1. HP: 18/18 MP: 3/3
   212 | D:1      | Reached XP level 2. HP: 25/25 MP: 2/4
   243 | D:1      | Learned a level 2 spell: Sticks to Snakes
  1124 | D:1      | Reached XP level 3. HP: 27/31 MP: 3/6
  1138 | D:1      | Learned a level 3 spell: Spider Form
  1830 | D:2      | Reached XP level 4. HP: 35/38 MP: 4/8
  2458 | D:2      | Reached skill level 4 in Transmutations
  2925 | D:2      | Found a shattered altar of Ashenzari.
  3188 | D:3      | Reached XP level 5. HP: 42/44 MP: 7/11
  3876 | D:3      | Noticed a black bear
  3886 | D:3      | Killed a black bear
  3886 | D:3      | Reached skill level 5 in Transmutations
  3886 | D:3      | Reached XP level 6. HP: 33/51 MP: 7/13
  4031 | D:3      | Noticed Ijyb
  4049 | D:3      | Killed Ijyb
  5156 | D:4      | Found a radiant altar of Vehumet.
  5441 | D:4      | Reached skill level 6 in Transmutations
  5441 | D:4      | Reached XP level 7. HP: 57/57 MP: 14/17
  5749 | D:4      | Noticed Azthor's ghost (average DgWz)
  5790 | D:5      | Entered Level 5 of the Dungeon
  6250 | D:5      | Noticed Natasha
  6269 | D:5      | Killed Natasha
  6275 | D:5      | Noticed Natasha
  6279 | D:5      | Killed Natasha
  6376 | D:6      | Reached skill level 7 in Transmutations
  6405 | D:6      | Learned a level 5 spell: Blade Hands
  6793 | D:6      | Reached XP level 8. HP: 47/64 MP: 11/19
  6819 | D:6      | Reached skill level 5 in Spellcasting
  7432 | D:6      | Reached skill level 8 in Transmutations
  7633 | D:6      | HP: 3/64 [orc warrior/glaive (24)]
  7639 | D:6      | HP: 2/64 [orc (1)]
  7643 | D:6      | Slain by an orc

Action                   |  1- 3 |  4- 6 |  7- 9 || total
-------------------------+-------+-------+-------++-------
Melee: Unarmed           |   128 |   286 |   238 ||   652
 Cast: Beastly Appendage |    25 |    21 |     6 ||    52
       Sticks to Snakes  |     2 |       |     2 ||     4
       Spider Form       |     2 |    25 |    20 ||    47
       Blade Hands       |       |       |     1 ||     1
  Use: Scroll            |       |       |     3 ||     3
       Potion            |       |       |     3 ||     3
 Stab: Sleeping          |       |       |     1 ||     1
  Eat: Chunk             |     4 |    15 |     8 ||    27
